 Dungeon Crawl Stone Soup version 0.27-a0-931-g5a74e75d8f (webtiles) character file.

Game seed: 10252611471001471609

1655 polve the Carver (level 8, -1/63 (64) HPs)
             Began as a Minotaur Berserker on Apr 10, 2021.
             Was an Elder of Trog.
             Succumbed to a wight's poison
             ... on level 6 of the Dungeon.
             The game lasted 00:03:29 (4413 turns).

polve the Carver (Minotaur Berserker)               Turns: 4413, Time: 00:03:30

HP:   -1/63 (64)    AC: 12    Str: 22    XL:     8   Next: 68%
MP:   7/7           EV: 11    Int:  4    God:    Trog [****..]
Gold: 210           SH:  0    Dex: 14    Spells: 7/7 levels left

rFire    . . .     SeeInvis .   w - +3 scimitar
rCold    . . .     Faith    .   (no shield)
rNeg     . . .     Spirit   .   v - +3 ring mail
rPois    .         Reflect  .   (helmet unavailable)
rElec    .         Harm     .   (no cloak)
rCorr    .         Rampage  .   (no gloves)
Will     .....                  (no boots)
Stlth    +.........             (no amulet)
HPRegen  0.20/turn              i - +4 ring of protection
MPRegen  0.10/turn              (no ring)

@: brilliant, lethally poisoned (-1 -> -8), on berserk cooldown, slowed, lightly
drained, very slow
A: horns 3, retaliatory headbutt, agile 1
a: Renounce Religion, Berserk, Trog's Hand, Brothers in Arms


You were on level 6 of the Dungeon.
You worshipped Trog.
Trog was greatly pleased with you.
You visited 1 branch of the dungeon, and saw 6 of its levels.

You collected 210 gold pieces.

Inventory:

Hand Weapons
 a - a +0 falchion
 w - a +3 scimitar (weapon)
Missiles
 o - a throwing net
Armour
 b - a +0 animal skin
 e - a +0 ring mail
 j - a +0 scale mail
 s - a +0 hat of willpower
 v - a +3 ring mail (worn)
Jewellery
 i - a +4 ring of protection (left hand)
 m - a ring of fire
 p - an amulet of guardian spirit
 q - an amulet of magic regeneration
Scrolls
 f - 4 scrolls of teleportation {unknown}
 g - 8 scrolls of identify {unknown}
 n - a scroll of amnesia {unknown}
 r - a scroll of immolation {unknown}
 t - a scroll of magic mapping {unknown}
 u - a scroll of enchant armour {unknown}
Potions
 c - a potion of brilliance
 d - 3 potions of mutation
 h - a potion of flight {unknown}
 k - a potion of curing {unknown}
 l - 2 potions of lignification {unknown}


   Skills:
 - Level 3.6 Fighting
 + Level 13.2 Long Blades
 - Level 2.4 Armour
 - Level 2.1 Dodging


You had 7 spell levels left.
You didn't know any spells.
Your spell library was empty.

Dungeon Overview and Level Annotations

Branches:
Dungeon (6/15)             Temple (0/1) D:4

Altars:
Sif Muna
Vehumet
Wu Jian

Shops:
D:1 =   D:2 (   D:3 :


Innate Abilities, Weirdness & Mutations

You have a pair of large horns on your head.
You reflexively headbutt those who attack you in melee.
You are agile. (Dex +2)


Message History

You feel very sick.
You slash the wight!
The wight is severely damaged.
You feel very sick.
You hit the wight. You headbutt the wight.
You destroy the wight!
Trog accepts your kill.
You feel very sick.
* * * LOW HITPOINT WARNING * * *
You feel very sick.
Items here: )) [[.
Okay, then.
w - a +3 scimitar (weapon)
You feel a strong urge to attack something.
* * * LOW HITPOINT WARNING * * *
You feel sick.
* * * LOW HITPOINT WARNING * * *
You feel very sick.
Things that are here:
a +5 battleaxe; a +0 robe You feel your anger nearly subside.
You are no longer berserk.
You are exhausted.
You feel yourself slow down.
* * * LOW HITPOINT WARNING * * *
You feel very sick.
Things that are here:
a +0 great sword; a +0 robe; a +0 robe
* * * LOW HITPOINT WARNING * * *
You feel very sick.
Things that are here:
a +1 spear of venom; a +0 robe
There is a lethal amount of poison in your body!
It was a potion of mutation.
You feel extremely strange.
You feel agile. The horns on your head grow some more.
Your +0 hat of willpower falls away!
You feel less strong-willed.
* * * LOW HITPOINT WARNING * * *
You feel very sick.
It was a potion of brilliance.
You feel clever all of a sudden.
You die...

#######+#### #..........#
#..........# #.....))@..#
#######'#### #.# #.# #.#
##### #†# #...
.############.####.####...
.................Y........
..........................


There were no monsters in sight!

Vanquished Creatures
  4 yaks (D:6)
  A sky beast (D:3)
  An ogre (D:5)
  A necrophage (D:5)
  3 scorpions
  4 wights (D:6)
  A centaur zombie (D:4)
  A hound (D:5)
  An orc priest (D:5)
  Jessica (D:2)
  An iguana (D:4)
  4 orc wizards
  8 adders
  7 gnolls
  2 worms
  A dart slug (D:1)
  12 orcs
  7 endoplasms
  2 giant cockroaches
  6 goblins
  11 hobgoblins
  16 jackals
  3 quokkas
  4 ball pythons
  4 bats
  6 frilled lizards
  5 kobolds
  6 rats
123 creatures vanquished.

Notes
Turn   | Place    | Note
-------+----------+-------------------------------------------
     0 | D:1      | polve the Minotaur Berserker began the quest for the Orb.
     0 | D:1      | Reached XP level 1. HP: 19/19 MP: 0/0
    25 | D:1      | Found a faded altar of an unknown god.
    37 | D:1      | Reached skill level 4 in Long Blades
    44 | D:1      | Reached XP level 2. HP: 22/26 MP: 1/1
   426 | D:1      | Reached skill level 5 in Long Blades
   528 | D:1      | Found Duosumuq's Jewellery Shoppe.
   566 | D:1      | Reached XP level 3. HP: 31/31 MP: 2/2
   661 | D:1      | Reached ** piety under Trog
   822 | D:2      | Found an ornate altar of the Wu Jian Council.
  1100 | D:2      | Reached skill level 6 in Long Blades
  1100 | D:2      | Reached XP level 4. HP: 31/39 MP: 3/3
  1247 | D:2      | Noticed Jessica
  1258 | D:2      | Killed Jessica
  1367 | D:2      | Found Qisut's Antique Weapon Emporium.
  1591 | D:3      | Noticed a sky beast
  1607 | D:3      | Killed a sky beast
  1608 | D:3      | Reached skill level 7 in Long Blades
  1608 | D:3      | Reached XP level 5. HP: 37/45 MP: 4/4
  1618 | D:3      | Reached skill level 8 in Long Blades
  1622 | D:3      | Found Xoodgh's Book Shoppe.
  1829 | D:3      | Reached XP level 6. HP: 50/51 MP: 5/5
  1850 | D:3      | Reached *** piety under Trog
  2028 | D:3      | Found a shimmering blue altar of Sif Muna.
  2028 | D:3      | Found an ornate altar of the Wu Jian Council.
  2530 | D:4      | Reached skill level 9 in Long Blades
  2920 | D:4      | Found Qusch's Book Shop.
  3037 | D:4      | Found a staircase to the Ecumenical Temple.
  3205 | D:5      | Entered Level 5 of the Dungeon
  3220 | D:5      | Reached XP level 7. HP: 57/57 MP: 6/6
  3238 | D:5      | Reached skill level 10 in Long Blades
  3852 | D:5      | Reached skill level 11 in Long Blades
  4015 | D:5      | Reached **** piety under Trog
  4129 | D:5      | Found a radiant altar of Vehumet.
  4271 | D:6      | Noticed a yak
  4272 | D:6      | Noticed a yak
  4272 | D:6      | Noticed a yak
  4273 | D:6      | Noticed a yak
  4289 | D:6      | Killed a yak
  4290 | D:6      | Reached XP level 8. HP: 64/64 MP: 7/7
  4295 | D:6      | Reached skill level 12 in Long Blades
  4400 | D:6      | Reached skill level 13 in Long Blades
  4412 | D:6      | Gained mutation: You are agile. (Dex +2) [potion of
                  | mutation]
  4412 | D:6      | Gained mutation: You have a pair of large horns on your
                  | head. [potion of mutation]
  4412 | D:6      | HP: 1/63 [poisoned by a wight]
  4413 | D:6      | Succumbed to a wight's poison

Illustrated notes

Levels and vault maps discovered:
D:1:      dpeg_arrival_water_temple_mockup, layout_basic, serial_shops,
          nicolae_shop_behind_doors, basic_ecumenical_altar
D:2:      layout_rooms, serial_shops, nicolae_shop_window_shopping, basic_altar,
          interstate_on_off, minmay_pentomino_w4, uniq_jessica
D:3:      layout_loops_ring, gammafunk_temple_overflow_elements, serial_shops,
          shop
D:4:      layout_rooms, minmay_temple_entry_hall, serial_shops,
          kennysheep_little_box
D:5:      layout_basic, nicolae_overflow_hidden_temple
D:6:      layout_basic, nemelex_diamond_rough_becter,
          gammafunk_ghost_necromancy, minmay_misc_feat_enclosed, kb_rosetta,
          uniq_maggie

Skill      XL: |  1  2  3  4  5  6  7  8 |
---------------+-------------------------+-----
Long Blades    | 4 5 6 7 8 9 11 13 | 13.2
Fighting       | |  3.6
Armour         | |  2.4
Dodging        | |  2.1

Action                   |  1- 3 |  4- 6 |  7- 9 || total
-------------------------+-------+-------+-------++-------
Melee: Falchion          |    83 |   127 |   100 ||   310
       Headbutt          |    16 |    31 |    26 ||    73
Invok: Berserk           |     1 |     1 |     5 ||     7
  Use: Potion            |       |       |     2 ||     2
Armor: Animal skin       |     1 |       |       ||     1
       Ring mail         |    23 |       |     9 ||    32
       Scale mail        |     1 |    76 |    28 ||   105
Dodge: Dodged            |    51 |    77 |    30 ||   158
       Rpst.: Falchion   |     9 |    16 |    11 ||    36

Table legend: (Time is in decaauts)
 A = Elapsed time spent in this place.
 B = Non-inter-level travel time spent in this place.
 C = Inter-level travel time spent in this place.
 D = Time resting spent in this place.
 E = Time spent auto-exploring this place.
 F = Levels seen in this place.
 G = Mean time per level.
                   A        B        C        D        E       F      G
               +--------+--------+--------+--------+--------+-----+--------+
         Total |   4433 |   4317 |    116 |     35 |   3685 |   6 |  738.8 |
       Dungeon |   4433 |   4317 |    116 |     35 |   3685 |   6 |  738.8 |
               +--------+--------+--------+--------+--------+-----+--------+

Top non-repeatable levels by time:
     D:5: 956 daAuts
     D:4: 896 daAuts
     D:3: 841 daAuts
     D:1: 799 daAuts
     D:2: 678 daAuts
     D:6: 261 daAuts
